 Dungeon Crawl Stone Soup version 0.20.1-1-g8b1a95d (webtiles) character file.

11514 Energizer the Carver (level 11, 0/87 HPs)
             Began as a Demonspawn Chaos Knight on July 23, 2017.
             Slain by a death drake (1 damage)
             ... on level 2 of the Lair of Beasts.
             The game lasted 00:45:39 (12607 turns).

Energizer the Carver (Demonspawn Chaos Knight)     Turns: 12607, Time: 00:45:41

Health: 0/87       AC: 17    Str: 17 (19) XL:     11   Next: 50%
Magic:  0/11       EV: 14    Int:  8 (13) God:    Xom [*.....]
Gold:   523        SH:  5    Dex: 15 (16) Spells: 10/10 levels left

rFire    + + .     SeeInvis .   a - +3 scimitar
rCold    x . .     Gourm    .   T - +0 buckler
rNeg     . . .     Faith    .   N - +3 scale mail {MR+}
rPois    .         Spirit   +   (helmet restricted)
rElec    .         Reflect  .   h - +1 cloak
rCorr    .         Harm     .   t - +0 pair of gloves {Str+3}
MR       +....                  (no boots)
Stlth    ..........             e - amulet of guardian spirit
Regen    0.3/turn               g - ring of fire
MPRegen  0.2/turn               i - +3 ring of dexterity

@: lethally poisoned (0 -> -13), cleaving, slowed, very slow
A: beak, hooves 2, thin metallic scales 2, blurry vision 1, deterioration 2,
fire resistance 1, sense surroundings 1, powered by death 2, subdued magic 1
a: Renounce Religion


You were on level 2 of the Lair of Beasts.
You worshipped Xom.
You were a special plaything of Xom.
You were hungry.

You visited 2 branches of the dungeon, and saw 11 of its levels.
You also visited: Sewer and Ossuary.

You collected 523 gold pieces.

Inventory:

Hand Weapons
 a - a +3 scimitar (weapon)
 b - a +0 blowgun
Missiles
 k - 237 arrows
 u - 30 poisoned needles
Armour
 h - a +1 cloak (worn)
 t - a +0 pair of gloves of strength (worn)
 N - a +3 scale mail of magic resistance (worn)
 T - a +0 buckler (worn)
 X - a +3 ring mail of positive energy
Jewellery
 e - an amulet of guardian spirit (around neck)
 g - a ring of fire (left hand)
 i - a +3 ring of dexterity (right hand)
 p - the amulet of Qulesmokk {Harm *Drain MR+, unknown}
   (You found it on level 7 of the Dungeon)

   [amulet of harm]

   It increases damage dealt and taken.
   It affects your resistance to hostile enchantments.
   It causes draining when unequipped.
 R - an uncursed amulet of rage {unknown}
 S - a cursed ring of teleportation {unknown}
 U - an uncursed amulet of faith {unknown}
Wands
 J - a wand of random effects (4/48)
 V - a wand of flame (19/48)
Scrolls
 d - 17 scrolls of teleportation
 f - 3 scrolls of noise {unknown}
 l - 2 scrolls of amnesia {unknown}
 o - 7 scrolls of enchant armour
 q - 5 scrolls of blinking
 v - 7 scrolls of remove curse {unknown}
 w - 6 scrolls of fear {unknown}
 y - 5 scrolls of magic mapping {unknown}
 H - a scroll of immolation {unknown}
 I - a scroll of recharging {unknown}
 K - 4 scrolls of fog
 P - 3 scrolls of identify
Potions
 j - 2 potions of agility
 n - a potion of heal wounds
 r - 2 potions of mutation {unknown}
 z - 7 potions of might
 A - 6 potions of curing
 B - 2 potions of brilliance {unknown}
 C - 2 potions of magic {unknown}
 E - 2 potions of resistance {unknown}
 F - 2 potions of invisibility {unknown}
 G - 3 potions of flight {unknown}
 W - a potion of ambrosia {unknown}
Books
 m - a book of Battle

   Spells                             Type                      Level
   a - Infusion                       Charms                       1
   b - Shroud of Golubria             Charms/Translocation         2
   c - Song of Slaying                Charms                       2
   d - Spectral Weapon                Hexes/Charms                 3
   e - Regeneration                   Charms/Necromancy            3
 x - a book of Misfortune

   Spells                             Type                      Level
   a - Confusing Touch                Hexes                        1
   b - Confuse                        Hexes                        3
   c - Gell's Gravitas                Translocation                3
   d - Petrify                        Transmutation/Earth          4
   e - Metabolic Englaciation         Hexes/Ice                    5
   f - Yara's Violent Unravelling     Hexes/Transmutation          5
 L - a book of Maledictions

   Spells                             Type                      Level
   a - Corona                         Hexes                        1
   b - Ensorcelled Hibernation        Hexes/Ice                    2
   c - Confuse                        Hexes                        3
   d - Tukima's Dance                 Hexes                        3
   e - Dazzling Spray                 Conjuration/Hexes            3
 M - a book of Cantrips

   Spells                             Type                      Level
   a - Confusing Touch                Hexes                        1
   b - Animate Skeleton               Necromancy                   1
   c - Summon Small Mammal            Summoning                    1
   d - Apportation                    Translocation                1
Comestibles
 c - 7 bread rations
 s - 13 fruits
 D - 16 royal jellies
 O - 2 meat rations


   Skills:
 + Level 8.7 Fighting
 * Level 10.7 Long Blades
 + Level 7.5 Armour
 + Level 7.3 Dodging
 + Level 3.5 Shields


You had 10 spell levels left.
You didn't know any spells.

Dungeon Overview and Level Annotations

Branches:
Dungeon (9/15)             Temple (0/1) D:4            Lair (2/6) D:9
  Swamp: Lair:2-4    Shoals: Lair:2-4     Snake: Lair:2-4    Spider: Lair:2-4
    Orc: D:9-12

Altars:
Okawaru
Trog
Xom

Shops:
D:4 *


Innate Abilities, Weirdness & Mutations

You are mostly covered in thin metallic scales. (AC +3)
You regenerate health from kills.
You have a beak for a mouth.
You have hoof-like feet.
Scrolls take you a little longer to read.
Your body often deteriorates upon taking damage.
Your flesh is heat resistant. (rF+)
You passively map a small area around you.
Your spells are a little easier to cast, but a little less powerful.


Message History

You hit the elephant. You hit the death drake.
You block the seven-headed hydra's attack.
The seven-headed hydra bites you!
* * * LOW HITPOINT WARNING * * *
The seven-headed hydra bites you. The seven-headed hydra bites you!
* * * LOW HITPOINT WARNING * * *
The seven-headed hydra misses you. The seven-headed hydra bites you.
* * * LOW HITPOINT WARNING * * *
You begin reading the scroll.
You continue reading the scroll.
* * * LOW HITPOINT WARNING * * *
You feel very sick. The death drake misses you.
You riposte.
You closely miss the death drake.
You kick the death drake, but do no damage.
The death drake is moderately wounded.
You slash the elephant! You hit the elephant but do no damage.
You lop one of the seven-headed hydra's heads off!
The six-headed hydra grows two more!
You slash the eight-headed hydra! The death drake bites you.
You die...
Xom thinks this is hilarious!

.#..###..........!..
...###.............. ...
............P....... ...
,
.....####...#....#......
....#.#P...###.⌠..#.....
* ............#.....#...
............#⌠.<.⌠.. ,
.....#.PP........D#, ,,
* .... ###...###.Y@## ,
, ....####....###Yk##,
....#.##.P.##.Y.Y.##.. ,
.P........##...⌠.......
.PP......##..Y.......#.
.#..........⌠..>..⌠..#
........#..............
.#....##.......⌠.......#
*
#..........#...........
,


You could see a death drake, an eight-headed hydra and 5 elephants.

Vanquished Creatures
  Harold (Lair:1)
  Pikel (D:7)
  Joseph (D:7)
  2 komodo dragons (Lair:1)
  A troll (D:8)
  A tyrant leech (shapeshifter) (Lair:1)
  4 blink frogs (Lair:1)
  Sigmund (D:2)
  14 yaks
  Eustachio (D:6)
  Edmund (D:5)
  A water moccasin (Lair:2)
  2 orc warriors
  Duvessa (D:6)
  A sky beast (D:9)
  4 black bears
  5 porcupines
  A necrophage (D:9)
  A phantom (D:7)
  An ogre (D:9)
  The ghost of Energizer the Slasher, an amateur DsCK of Xom (Sewer)
  4 centaurs
  A big kobold (D:8)
  A crocodile (Lair:1)
  Blork the orc (D:5)
  10 bullfrogs
  Dowan (D:6)
  8 scorpions
  3 howler monkeys
  3 centaur zombies (Ossuary)
  5 crimson imps
  A centaur skeleton (D:9)
  A human zombie (Ossuary)
  4 jellies
  6 orc priests
  3 hounds
  A bullfrog skeleton (D:5)
  5 orc wizards
  6 iguanas
  Natasha (D:2)
  5 worker ants
  4 big kobold zombies (Ossuary)
  A hound zombie (D:9)
  2 hound skeletons
  3 mummies (Ossuary)
  A worker ant zombie (D:7)
  A gnoll (D:6)
  A howler monkey skeleton (D:9)
  6 scorpion zombies (Ossuary)
  22 adders
  3 river rats (Sewer)
  12 oozes
  3 adder skeletons
  A dart slug (D:2)
  6 leopard geckos
  27 orcs
  9 giant cockroaches
  5 gnoll zombies (Ossuary)
  6 goblins
  8 hobgoblins
  5 jackals
  3 quokkas
  12 ball pythons
  9 bats
  4 frilled lizards
  2 hobgoblin zombies (Ossuary)
  A jackal skeleton (D:5)
  14 kobolds
  A kobold zombie (Ossuary)
  2 leopard gecko skeletons (D:5)
  3 orc zombies (Ossuary)
  28 rats
321 creatures vanquished.

Vanquished Creatures (collateral kills)
  A two-headed ogre (D:9)
  A spiny frog (Lair:1)
  A yak (Lair:1)
  An ice beast (D:5)
  An ogre (D:7)
  A big kobold (D:8)
  A kobold (D:8)
7 creatures vanquished.

Vanquished Creatures (others)
  An ice beast (D:5)
  A slave (D:7)
  A fungus (Lair:2)
3 creatures vanquished.

Grand Total: 331 creatures vanquished

Notes
Turn   | Place    | Note
-------+----------+-------------------------------------------
     0 | D:1      | Energizer the Demonspawn Chaos Knight began the quest for the Orb.
     0 | D:1      | Reached XP level 1. HP: 18/18 MP: 1/1
    15 | D:1      | Reached skill level 1 in Dodging
    20 | D:1      | XOM: harmless Air miscast
    38 | D:1      | Gained mutation: You are partially covered in thin metallic scales. (AC +2) [demonic ancestry]
    38 | D:1      | Reached XP level 2. HP: 20/24 MP: 2/2
    86 | D:1      | XOM: harmless Summ miscast
   249 | D:1      | Reached skill level 3 in Long Blades
   337 | D:1      | Gained mutation: You are mostly covered in thin metallic scales. (AC +3) [demonic ancestry]
   337 | D:1      | Reached XP level 3. HP: 15/29 MP: 3/3
   610 | D:2      | XOM: stealth player
   615 | D:2      | Found an iron altar of Okawaru.
  1046 | D:2      | Noticed Sigmund
  1050 | D:2      | XOM: potion effect (agility)
  1060 | D:2      | Killed Sigmund
  1060 | D:2      | Reached skill level 4 in Long Blades
  1060 | D:2      | Reached XP level 4. HP: 21/37 MP: 4/4
  1060 | D:2      | Gained mutation: You regenerate a little health from kills. [demonic ancestry]
  1060 | D:2      | Reached XP level 5. HP: 24/42 MP: 5/5
  1354 | D:2      | XOM: harmless Necr miscast
  1370 | D:2      | XOM: harmless Necr miscast
  1392 | D:2      | XOM: harmless Fire miscast
  1431 | D:2      | Noticed Natasha
  1435 | D:2      | Killed Natasha
  1489 | D:2      | XOM: silly message
  1612 | D:3      | XOM: noise
  1775 | D:3      | XOM: silly message
  2041 | D:2      | XOM: silly message
  2052 | D:2      | XOM: scenery: 2 doors close
  2111 | D:3      | XOM: divination: detect items
  2130 | D:3      | XOM: harmless Necr miscast
  2192 | D:3      | Reached XP level 6. HP: 43/48 MP: 6/6
  2414 | D:3      | XOM: cast spell 'Call Canine Familiar'
  3267 | D:4      | XOM: give mutations
  3267 | D:4      | Gained mutation: You have supernaturally acute eyesight. (SInv) [Xom's grace]
  3267 | D:4      | Gained mutation: You have a beak for a mouth. [Xom's grace]
  3267 | D:4      | Gained mutation: You have a pair of small antennae on your head. [Xom's grace]
  3267 | D:4      | Gained mutation: You are somewhat resistant to further mutation. [Xom's grace]
  3298 | D:4      | Found Porui's Assorted Antiques.
  3342 | D:4      | XOM: give mutations
  3342 | D:4      | Gained mutation: You passively map a small area around you. [Xom's grace]
  3342 | D:4      | Gained mutation: You possess an exceptional clarity of mind. [Xom's grace]
  3424 | D:4      | Found a staircase to the Ecumenical Temple.
  3486 | D:4      | XOM: god gift: pair of runed gloves {god gift}
  3671 | D:4      | XOM: 5-stop teleportation journey
  3694 | D:4      | Found a glowing drain.
  3705 | Sewer    | Entered a sewer
  3728 | Sewer    | XOM: polymorph rat -> ball python
  3931 | Sewer    | XOM: harmless Chrm miscast
  3968 | Sewer    | XOM is BORED!
  3968 | Sewer    | XOM: give mutation
  3968 | Sewer    | Gained mutation: Your body sometimes deteriorates upon taking damage. [Xom's mischief]
  4011 | Sewer    | Noticed Energizer's ghost (amateur DsCK)
  4016 | Sewer    | XOM: summons 2 friendly demons
  4023 | Sewer    | Killed Energizer's ghost
  4023 | Sewer    | Reached skill level 5 in Long Blades
  4023 | Sewer    | Reached XP level 7. HP: 44/55 MP: 7/7
  4094 | Sewer    | XOM: silly message
  4112 | Sewer    | XOM: summons 3 hostile demons
  4159 | Sewer    | XOM: harmless Summ miscast
  4355 | Sewer    | XOM: harmless Tmut miscast
  4382 | Sewer    | XOM: summons 3 hostile demons
  4447 | Sewer    | XOM: swap monsters
  4559 | D:4      | XOM: give mutations
  4559 | D:4      | Gained mutation: You are dopey. (Int -2) [Xom's mischief]
  4559 | D:4      | Lost mutation: You are dopey. (Int -2) [Xom's mischief]
  4619 | D:4      | You fall through a shaft!
  4619 | D:5      | Entered Level 5 of the Dungeon
  4880 | D:4      | XOM: harmless Summ miscast
  4902 | D:4      | XOM: give mutation
  4902 | D:4      | Lost mutation: You are somewhat resistant to further mutation. [Xom's mischief]
  5332 | D:5      | XOM: blink monster(s)
  5337 | D:5      | Reached skill level 5 in Fighting
  5477 | D:5      | Noticed Blork the orc
  5496 | D:5      | Killed Blork the orc
  5496 | D:5      | Reached skill level 6 in Long Blades
  5496 | D:5      | Reached XP level 8. HP: 21/62 MP: 8/8
  5678 | D:5      | XOM: divine lightning
  5741 | D:5      | Noticed Edmund
  5757 | D:5      | Killed Edmund
  5793 | D:5      | XOM: noise
  5794 | D:5      | XOM: cast spell 'Shadow Creatures'
  5918 | D:5      | XOM: medium Pois miscast
  6071 | D:5      | XOM: blink monster(s)
  6124 | D:6      | Noticed Dowan
  6140 | D:6      | Killed Dowan
  6316 | D:6      | Noticed Duvessa
  6322 | D:6      | XOM: noise
  6340 | D:6      | XOM: blink monster(s)
  6352 | D:6      | XOM: confuse monster(s)
  6359 | D:6      | XOM: summons friendly shadow imp
  6392 | D:6      | Killed Duvessa
  6531 | D:6      | Reached skill level 7 in Long Blades
  6607 | D:6      | XOM: destruction
  6630 | D:6      | XOM: scenery: create altars
  6669 | D:6      | XOM: potion effect (heal wounds)
  6753 | D:6      | Noticed Eustachio
  6837 | D:6      | Killed Eustachio
  6962 | D:6      | Gained mutation: You regenerate health from kills. [demonic ancestry]
  6962 | D:6      | Reached XP level 9. HP: 62/69 MP: 9/9
  7269 | D:6      | Reached skill level 5 in Armour
  7348 | D:7      | XOM: god gift: runed scale mail {god gift}
  7480 | D:7      | Got a scintillating copper amulet
  7490 | D:7      | XOM: god gift: sapphire potion {god gift}
  7535 | D:7      | Noticed Pikel
  7544 | D:7      | XOM: scenery: create altars
  7547 | D:7      | Killed Pikel
  7547 | D:7      | Reached skill level 8 in Long Blades
  7547 | D:7      | Reached skill level 5 in Dodging
  7600 | D:7      | XOM: cloud trail
  7889 | D:7      | Noticed Joseph
  7890 | D:7      | XOM: divine lightning
  7894 | D:7      | Killed Joseph
  7924 | D:7      | XOM: summons 4 hostile shadow creatures
  7931 | D:7      | XOM: scenery: create altars
  8315 | D:8      | Found a bloodstained altar of Trog.
  8385 | D:8      | XOM: summons friendly shadow imp
  8473 | D:8      | XOM: fog
  8481 | D:8      | XOM: enchant monster (bad)
  8503 | D:8      | Found a sand-covered staircase.
  8512 | Ossuary  | Entered an ossuary
  8627 | Ossuary  | Reached skill level 9 in Long Blades
  8629 | Ossuary  | Reached XP level 10. HP: 79/79 MP: 10/10
  8660 | Ossuary  | XOM: give mutations
  8660 | Ossuary  | Gained mutation: You have large cloven feet. [Xom's grace]
  8660 | Ossuary  | Gained mutation: You evolve. [Xom's grace]
  8660 | Ossuary  | Gained mutation: You have sharp fingernails. [Xom's grace]
  8660 | Ossuary  | Gained mutation: You have hoof-like feet. [Xom's grace]
  8971 | D:8      | XOM: swap monsters
  9024 | D:9      | Noticed a two-headed ogre
  9025 | D:9      | XOM: divination: detect creatures
  9164 | D:9      | XOM: potion effect (brilliance)
  9168 | D:9      | XOM: harmless Necr miscast
  9169 | D:9      | XOM: confuse monster(s)
  9173 | D:9      | XOM: enchant monster (bad)
  9193 | D:9      | XOM: divination: magic mapping
  9444 | D:9      | XOM: summons friendly quasit
  9505 | D:9      | XOM: harmless Chrm miscast
  9571 | D:9      | Found a staircase to the Lair.
  9576 | D:9      | XOM: summons 4 hostile shadow creatures
  9881 | D:9      | XOM: god gift: 20 stones
  9982 | D:9      | Lost mutation: You have a pair of small antennae on your head. [evolution]
 10003 | D:9      | XOM: god gift: ruby potion {god gift}
 10023 | D:9      | XOM: enchant monster (good)
 10045 | D:9      | Killed a two-headed ogre
 10045 | D:9      | Reached skill level 1 in Shields
 10153 | D:9      | XOM: summons 5 hostile demons
 10317 | Lair:1   | Entered Level 1 of the Lair of Beasts
 10336 | D:9      | Reached skill level 10 in Long Blades
 10359 | Lair:1   | XOM: fog
 10468 | Lair:1   | XOM: polymorph yak -> golden eye
 10483 | Lair:1   | XOM: divination: detect items
 10501 | Lair:1   | XOM: cleaving
 10525 | Lair:1   | Reached XP level 11. HP: 86/86 MP: 11/11
 10581 | Lair:1   | Noticed Harold
 10595 | Lair:1   | XOM: scenery: create altars
 10596 | Lair:1   | XOM: potion effect (invisibility)
 10721 | Lair:1   | Killed Harold
 10795 | Lair:1   | Noticed a sea snake
 10801 | Lair:1   | Noticed an anaconda
 10801 | Lair:1   | a sea snake changed into an anaconda
 10806 | Lair:1   | an anaconda changed into a tyrant leech
 10884 | Lair:1   | XOM: give mutations
 10884 | Lair:1   | Lost mutation: You have sharp fingernails. [Xom's mischief]
 10884 | Lair:1   | Gained mutation: Your spells are a little easier to cast, but a little less powerful. [Xom's mischief]
 10884 | Lair:1   | Gained mutation: You are frail. (-10% HP) [Xom's mischief]
 10884 | Lair:1   | Lost mutation: You possess an exceptional clarity of mind. [Xom's mischief]
 10911 | Lair:1   | XOM: summons 2 friendly demons
 10940 | Lair:1   | HP: 3/78 [poisoned by a spiny frog]
 10945 | Lair:1   | HP: 3/78 [poisoned by a spiny frog]
 10950 | Lair:1   | HP: 2/78 [poisoned by a spiny frog]
 10958 | Lair:1   | HP: 2/78 [poisoned by a spiny frog]
 11009 | Lair:1   | XOM: give mutations
 11009 | Lair:1   | Gained mutation: Your body often deteriorates upon taking damage. [Xom's mischief]
 11009 | Lair:1   | Lost mutation: You evolve. [Xom's mischief]
 11009 | Lair:1   | Lost mutation: You are frail. (-10% HP) [Xom's mischief]
 11009 | Lair:1   | Lost mutation: You have supernaturally acute eyesight. (SInv) [Xom's mischief]
 11009 | Lair:1   | Gained mutation: Scrolls take you a little longer to read. [Xom's mischief]
 11280 | Lair:1   | XOM: summons 4 friendly demons
 11294 | Lair:1   | XOM: summons 4 hostile demons
 11302 | Lair:1   | XOM: enchant monster (bad)
 11370 | Lair:1   | XOM: medium Summ miscast
 11805 | Lair:1   | XOM: mild Conj miscast
 12053 | Lair:2   | XOM: polymorph basilisk -> water moccasin
 12215 | Lair:1   | XOM: scenery: create altars
 12382 | Lair:1   | XOM: give mutation
 12382 | Lair:1   | Gained mutation: Your flesh is heat resistant. (rF+) [Xom's grace]
 12592 | Lair:2   | XOM: cleaving
 12594 | Lair:2   | Noticed a death drake
 12594 | Lair:2   | an elephant changed into a death drake
 12594 | Lair:2   | XOM: polymorph elephant -> death drake
 12603 | Lair:2   | Noticed a seven-headed hydra
 12606 | Lair:2   | HP: 4/87 [seven-headed hydra (4)]
 12607 | Lair:2   | HP: 1/87 [poisoned by something (dark miasma)]
 12607 | Lair:2   | Slain by a death drake

Skill      XL: |  1  2  3  4  5  6  7  8  9 10 11 |
---------------+----------------------------------+-----
Dodging        | 1 2 3 4 5 6 7 |  7.3
Armour         | 2 3 4 6 7 |  7.5
Long Blades    | 3 4 5 6 7 9 10 | 10.7
Fighting       | 4 5 6 7 8 |  8.7
Shields        | 2 3 |  3.5

Action                   |  1- 3 |  4- 6 |  7- 9 | 10-12 || total
-------------------------+-------+-------+-------+-------++-------
Melee: Falchion          |    69 |       |       |       ||    69
       Long sword        |    32 |   230 |   420 |       ||   682
       Peck              |       |    24 |   128 |    94 ||   246
       Scimitar          |       |       |   160 |   320 ||   480
       Kick              |       |       |       |   134 ||   134
 Fire: Blowgun           |       |       |       |    12 ||    12
  Use: Scroll            |       |       |     5 |     3 ||     8
       Potion            |       |       |     2 |     3 ||     5
 Stab: Sleeping          |     3 |     1 |       |       ||     4
  Eat: Chunk             |     1 |    10 |    16 |     8 ||    35
       Fruit             |       |       |       |     5 ||     5
Armor: Leather armour    |    47 |    99 |   168 |       ||   314
       Chain mail        |       |       |    81 |       ||    81
       Scale mail        |       |       |    54 |   168 ||   222
Dodge: Dodged            |    70 |   190 |   424 |   219 ||   903
Block: Buckler           |       |       |       |    44 ||    44
       Rpst.: Falchion   |    13 |       |       |       ||    13
       Long sword        |     7 |    57 |    87 |       ||   151
       Scimitar          |       |       |    26 |    60 ||    86
